cohdb
Replays
Latest Replays
All Replays
Popular Replays
Top Player Replays
Match Explorer
How It Works
Community
CoH3 Stats
Reddit
Sign in to upload your games and track your stats! →
Sign in with Steam
Match 43964690
Unlisted
Match 43964690
Overview
Messages
Build Orders
End
Kettenkrad Recon Vehicle
Construct Infanterie Kompanie
Grenadier Squad
GrW 34 Mortar Team
Grenadier Squad
MG 42 Machine Gun Team
Medical Station
Pioneer Squad
Construct Luftwaffe Kompanie
Support Elements
Flak 30 Anti-aircraft Gun Team
Pioneer Squad
Wirbelwind Flakpanzer
Selects Mechanized Battlegroup
Selects Mobile Repair Stations
Selects Spotting Scopes
Selects Wespe Self-propelled Artillery
Wespe Self-propelled Artillery
Wespe Self-propelled Artillery
Kettenkrad Recon Vehicle
Selects Zeroing Artillery Barrage
Zeroing Artillery Barrage
Kettenkrad Recon Vehicle
Selects Raid Package
MG 42 Machine Gun Team
Wespe Self-propelled Artillery
Pioneer Squad
Zeroing Artillery Barrage
Pioneer Squad
Selects StuG Assault Group
StuG Assault Group
Wirbelwind Flakpanzer
Kettenkrad Recon Vehicle
MG 42 Machine Gun Team
MG 42 Machine Gun Team
苏大大
和谐战争@
LUL
mater
Jeremy
JT
熊猫Real tiger
陈浩南
0
0
Comments
sign in to comment!
No comments posted yet!